Map: Galactic Process LE

Players

LOVEsnipeR

  • Race: Protoss Protoss
  • League: Master

IIIIIIIIIIII - Winner!

  • Race: Protoss Protoss
  • League: Grandmaster

VOD

Have the link to the VOD?

Description

Time

  • Played on: Aug. 4, 2016, 12:16 a.m.
  • Length: 7:53
Show
View Real Time Build Order
Export as new Build Order

LOVEsnipeR Protoss 

Build Orders: Oracle Opening 

Get SALT Encoding   

  12  0:01  Probe (Chrono Boost)  
  13  0:11  Probe (Chrono Boost)  
  14  0:18  Pylon  
  14  0:22  Probe (Chrono Boost)  
  15  0:37  Gateway, Probe (Chrono Boost)  
  16  0:43  Assimilator  
  16  0:47  Probe (Chrono Boost)  
  17  0:56  Assimilator  
  17  0:58  Probe (Chrono Boost)  
  18  1:07  Gateway  
  18  1:11  Probe (Chrono Boost)  
  19  1:21  Probe (Chrono Boost)  
  20  1:27  Cybernetics Core  
  20  1:32  Probe (Chrono Boost)  
  21  1:42  Probe (Chrono Boost)  
  22  1:47  Pylon  
  22  1:53  Probe (Chrono Boost)  
  23  1:59  Warp Gate  
  23  2:05  Adept x2  
  23  2:07  Probe (Chrono Boost)  
  28  2:18  Stargate  
  28  2:29  Mothership Core (Chrono Boost)  
  30  2:33  Pylon  
  30  2:49  Probe (Chrono Boost)  
  30  2:51  Stalker x2  
  35  3:07  Oracle  
  33  3:49  Nexus  
  33  3:50  Probe (Chrono Boost)  
  33  3:52  Pylon  
  35  4:07  Stalker x2  
  38  4:10  Probe (Chrono Boost)  
  36  4:23  Twilight Council  
  35  4:32  Probe (Chrono Boost)  
  35  4:36  Stalker  
  35  4:37  Stalker  
  40  4:43  Probe (Chrono Boost)  
  41  4:53  Probe (Chrono Boost)  
  41  4:54  Pylon  
  41  4:55  Blink  
  42  5:02  Probe (Chrono Boost)  
  42  5:05  Probe (Chrono Boost)  
  44  5:13  Probe (Chrono Boost)  
  45  5:17  Probe (Chrono Boost)  
  46  5:23  Probe (Chrono Boost)  
  48  5:29  Probe (Chrono Boost)  
  48  5:30  Assimilator  
  48  5:34  Probe (Chrono Boost)  
  49  5:41  Probe (Chrono Boost)  
  50  5:43  Robotics Facility  
  50  5:44  Probe (Chrono Boost)  
  51  5:53  Probe (Chrono Boost)  
  51  5:55  Probe (Chrono Boost)  
  48  6:05  Probe (Chrono Boost)  
  48  6:06  Probe (Chrono Boost)  
  50  6:16  Probe (Chrono Boost)  
  51  6:18  Probe (Chrono Boost)  
  51  6:26  Probe (Chrono Boost)  
  51  6:28  Observer  
  51  6:31  Probe (Chrono Boost)  
  51  6:32  Nexus  
  54  6:35  Stalker x2  
  54  6:37  Probe (Chrono Boost)  
  59  6:42  Pylon  
  59  6:43  Probe (Chrono Boost)  
  59  6:46  Observer  
  60  6:47  Assimilator  
  60  6:48  Probe (Chrono Boost)  
  63  6:55  Probe (Chrono Boost)  
  63  6:58  Probe (Chrono Boost)  
  64  7:03  Stalker x2  
  64  7:07  Probe (Chrono Boost)  
  69  7:09  Gateway, Probe (Chrono Boost)  
  69  7:10  Gateway  
  68  7:33  Stalker x2  
  68  7:35  Probe (Chrono Boost)  
  68  7:36  Probe (Chrono Boost)  
Show
View Real Time Build Order
Export as new Build Order

IIIIIIIIIIII Protoss - Winner!

Build Orders: Phoenix Opening 

Get SALT Encoding   

  12  0:01  Probe (Chrono Boost)  
  13  0:12  Probe (Chrono Boost)  
  14  0:17  Pylon  
  14  0:22  Probe (Chrono Boost)  
  16  0:35  Probe (Chrono Boost)  
  16  0:36  Gateway  
  16  0:42  Assimilator  
  16  0:46  Probe (Chrono Boost)  
  17  0:53  Assimilator  
  17  0:57  Probe (Chrono Boost)  
  18  1:04  Gateway  
  18  1:07  Probe (Chrono Boost)  
  19  1:18  Probe (Chrono Boost)  
  20  1:23  Cybernetics Core  
  20  1:28  Probe (Chrono Boost)  
  21  1:34  Pylon  
  21  1:39  Probe (Chrono Boost)  
  22  1:48  Warp Gate  
  22  1:49  Probe (Chrono Boost)  
  23  1:59  Adept  
  23  2:00  Adept  
  27  2:05  Mothership Core (Chrono Boost)  
  27  2:08  Pylon  
  29  2:25  Probe (Chrono Boost)  
  29  2:28  Adept x2  
  34  2:35  Stargate  
  34  2:42  Probe (Chrono Boost)  
  35  3:02  Nexus  
  35  3:10  Pylon  
  35  3:12  Probe (Chrono Boost)  
  36  3:16  Phoenix  
  38  3:25  Probe (Chrono Boost)  
  34  3:37  Probe (Chrono Boost)  
  34  3:39  Gateway  
  33  3:43  Phoenix  
  35  3:53  Probe (Chrono Boost)  
  36  4:05  Phoenix, Probe (Chrono Boost)  
  38  4:17  Probe (Chrono Boost)  
  37  4:24  Probe (Chrono Boost)  
  37  4:26  Robotics Facility  
  37  4:29  Probe (Chrono Boost)  
  37  4:30  Twilight Council  
  38  4:34  Probe (Chrono Boost)  
  39  4:40  Probe (Chrono Boost)  
  39  4:43  Phoenix  
  43  4:48  Probe (Chrono Boost)  
  43  4:50  Pylon  
  43  4:52  Probe (Chrono Boost)  
  44  4:56  Sentry  
  44  4:58  Probe (Chrono Boost)  
  47  5:02  Probe (Chrono Boost)  
  47  5:03  Sentry  
  47  5:04  Assimilator  
  50  5:07  Zealot  
  50  5:09  Resonating Glaives, Probe (Chrono Boost)  
  53  5:18  Probe (Chrono Boost)  
  53  5:20  Probe (Chrono Boost)  
  55  5:23  Warp Prism  
  58  5:30  Probe (Chrono Boost)  
  58  5:31  Probe (Chrono Boost)  
  59  5:42  Probe (Chrono Boost)  
  61  5:43  Pylon, Probe (Chrono Boost)  
  61  5:50  Pylon  
  61  5:54  Immortal, Probe (Chrono Boost)  
  67  6:07  Gateway  
  67  6:09  Gateway  
  66  6:12  Adept x2  
  68  6:28  Immortal  
  68  6:29  Gateway  
  68  6:31  Gateway  
  68  6:32  Adept  
  74  6:40  Adept x2  
  78  6:48  Pylon x2  
  78  6:59  Adept x2  
  78  7:00  Adept  
  84  7:05  Observer, Pylon  
  85  7:09  Pylon  
  85  7:10  Adept x2  
  89  7:21  Adept x3  
  93  7:32  Adept x2  
  97  7:39  Probe (Chrono Boost)  
  98  7:49  Adept x5  
Tags
 
Add a new tag
Caveats
  • Supply blocks, unpowered buildings, or Contaminate may cause inaccurate times.
  • Supply counts are checked every 10 seconds.